 Dungeon Crawl Stone Soup version 0.17-a0-2208-ge5ab1d3 (webtiles) character file.

3040 youngkai the Cleaver (level 9, 0/123 HPs)
             Began as a Minotaur Berserker on Oct 26, 2015.
             Was a High Priest of Trog.
             Slain by Duffy's ghost (3 damage)
             ... on level 8 of the Dungeon.
             The game lasted 00:17:46 (5237 turns).

youngkai the Cleaver (Minotaur Berserker)           Turns: 5237, Time: 00:17:47

Health: 0/123      AC: 24    Str: 24    XL:     9   Next: 56%
Magic:  0/8        EV:  2    Int:  5    God:    Trog [*****.]
Gold:   407        SH:  0    Dex: 14    Spells: 0 memorised, 8 levels left

rFire  . . .     SeeInvis .     a - +0 hand axe
rCold  . . .     Clarity  .     (armour currently unavailable)
rNeg   + + +     SustAt   .     (no shield)
rPois  +         Gourm    .     (helmet currently unavailable)
rElec  .         Spirit   +     (cloak currently unavailable)
rCorr  .         Warding  .     (gloves currently unavailable)
rMut   .         NoTele   +     (boots currently unavailable)
MR     .....                    y - amulet of guardian spirit
Stlth  +.........               x - ring of flight
                                q - +4 ring of dexterity

@: exhausted, tree-form, slowed, very slow, not resistant to hostile
enchantments, very unstealthy
A: (retaliatory headbutt), (horns 0)
a: Berserk, Trog's Hand, Brothers in Arms, Burn Spellbooks, Renounce Religion


You were on level 8 of the Dungeon.
You worshipped Trog.
Trog was extremely pleased with you.
You were very hungry.
You were a tree.
You visited 1 branch of the dungeon, and saw 8 of its levels.

You collected 407 gold pieces.

Inventory:

Hand Weapons
 a - a +0 hand axe (weapon)
Missiles
 F - a throwing net (quivered)
Armour
 m - a +1 plate armour of positive energy (melded)
 H - a +0 cloak (melded)
Rods
 v - a +0 iron rod (14/14)
   (You found it on level 3 of the Dungeon)
Jewellery
 n - an uncursed ring of stealth {unknown}
 q - a +4 ring of dexterity (left branch)
 x - a ring of flight (right branch)
 y - an amulet of guardian spirit (around neck)
 D - an uncursed ring of magical power {unknown}
Scrolls
 b - 4 scrolls of remove curse
 d - 3 scrolls of fog {unknown}
 f - a scroll of random uselessness {unknown}
 g - a scroll of recharging {unknown}
 k - 3 scrolls of enchant weapon {unknown}
 p - a scroll of blinking {unknown}
 s - a scroll of enchant armour {unknown}
 z - a scroll of amnesia {unknown}
 A - 2 scrolls of teleportation {unknown}
 C - 2 scrolls of identify
Potions
 e - a potion of might
 i - a potion of lignification
 o - 4 potions of haste {unknown}
 r - a potion of curing
 t - 2 potions of ambrosia
 w - a potion of degeneration {unknown}
 E - a potion of poison {unknown}
 G - a potion of mutation {unknown}
Books
 u - a book of the Warp

   Spells                             Type                      Level
   a - Recall                         Summoning/Translocation      3
   b - Gell's Gravitas                Hexes/Translocation          3
   c - Force Lance                    Conjuration/Translocation    4
   d - Phase Shift                    Translocation                5
   e - Warp Weapon                    Charms/Translocation         5
   f - Summon Forest                  Summoning/Translocation      5
   Trog disapproves of the use of such an item.
Comestibles
 c - 3 bread rations
 h - a beef jerky
 j - 3 meat rations
 l - a royal jelly
 B - 7 fruits
 I - a chunk of flesh


   Skills:
 + Level 8.3 Fighting
 * Level 10.7 Axes
 + Level 7.5 Armour
 + Level 6.7 Dodging


You had 8 spell levels left.
You didn't know any spells.

Dungeon Overview and Level Annotations

Branches:
Dungeon (8/15)             Temple (0/1) D:7
   Lair: D:8-11

Altars:
Makhleb
Ru
Sif Muna
The Shining One

Shops:
D:4 *

Annotations:
D:8 Duffy's ghost, novice MiFi


Innate Abilities, Weirdness & Mutations

((You reflexively headbutt those who attack you in melee.))
((You have a pair of horns on your head.))


Message History

You feel a strong urge to attack something.
You are no longer berserk.
You are exhausted.
You feel yourself slow down.
You are feeling very hungry.
Drink which item? (? for menu, Esc to quit)
You turn into a tree.
Your +0 cloak melds into your body.
Your +1 plate armour of positive energy melds into your body.
You feel less protected from negative energy.
Your roots penetrate the ground.
Duffy's ghost completely misses you.
You are too injured to fight recklessly!
You miss Duffy's ghost.
Duffy's ghost is severely damaged.
Duffy's ghost hits you but does no damage.
You hit Duffy's ghost.
Duffy's ghost is severely damaged.
Duffy's ghost hits you.
* * * LOW HITPOINT WARNING * * *
Duffy's ghost freezes you.
You die...

.... ..... ..... ##
.....# ###..
#.....# ....##
####......# ##....#
##..!.#..
#......##.W##...#
###........♣....###
........#....####
#....##..#####
##..............
#..##.#.#######.
#.#...#..#
###..<####...
#.)).## ##..
###...## #.#


You could see Duffy's ghost.

Vanquished Creatures
  The ghost of septik the Cruncher, a novice MiGl of Okawaru (D:6)
  Psyche (D:8)
  The ghost of Goblin1989 the Slicer, a novice KoAs (D:3)
  Sigmund (D:4)
  A water moccasin (D:7)
  Duvessa (D:4)
  A sky beast (D:6)
  3 orc warriors
  An ice beast (D:7)
  3 giant frogs
  A wyvern zombie (D:7)
  2 scorpions
  Dowan (D:4)
  2 crimson imps
  3 hounds
  Crazy Yiuf (D:7)
  A giant frog skeleton (D:7)
  3 orc priests
  7 orc wizards
  2 worker ants
  3 iguanas
  A hound skeleton (D:5)
  Robin (D:3)
  A worker ant zombie (D:5)
  7 adders
  3 oozes
  3 adder zombies (D:7)
  3 worms
  2 giant geckos
  24 orcs
  3 giant cockroaches
  13 hobgoblins
  12 jackals
  4 quokkas
  11 bats
  7 giant newts
  18 goblins
  A goblin skeleton (D:4)
  4 goblin zombies (D:4)
  2 jackal skeletons
  6 kobolds
  A kobold skeleton (D:4)
  A kobold zombie (D:4)
  An orc skeleton (D:4)
  An orc zombie (D:4)
  A quokka skeleton (D:5)
  12 rats
  3 fungi (D:7)
186 creatures vanquished.

Notes
Turn   | Place    | Note
--------------------------------------------------------------
     0 | D:1      | youngkai the Minotaur Berserker began the quest for the Orb.
     0 | D:1      | Reached XP level 1. HP: 19/19 MP: 0/0
    38 | D:1      | You fall through a shaft!
   102 | D:2      | Reached skill level 4 in Axes
   118 | D:2      | Found a faded altar to an unknown god.
   131 | D:2      | Reached XP level 2. HP: 5/27 MP: 1/1
   138 | D:2      | HP: 1/27 [adder (2)]
   449 | D:1      | Reached XP level 3. HP: 29/33 MP: 2/2
   469 | D:1      | Reached ** piety under Trog
   952 | D:2      | Reached XP level 4. HP: 23/41 MP: 3/3
  1428 | D:2      | Found a burning altar of Makhleb.
  1428 | D:2      | Noticed a hound
  1431 | D:2      | Killed a hound
  1493 | D:2      | Reached *** piety under Trog
  1784 | D:3      | Reached skill level 5 in Axes
  1784 | D:3      | Reached XP level 5. HP: 33/47 MP: 4/4
  2017 | D:3      | Noticed Robin
  2034 | D:3      | Killed Robin
  2044 | D:3      | Noticed Goblin1989's ghost (novice KoAs)
  2062 | D:3      | Killed Goblin1989's ghost
  2062 | D:3      | Reached skill level 5 in Fighting
  2062 | D:3      | Reached skill level 6 in Axes
  2062 | D:3      | Reached XP level 6. HP: 56/56 MP: 5/5
  2143 | D:3      | Reached **** piety under Trog
  2596 | D:4      | Found Pabiom's Assorted Antiques.
  2681 | D:4      | Noticed Sigmund
  2682 | D:4      | Reached XP level 7. HP: 61/61 MP: 6/6
  2683 | D:4      | Found a glowing golden altar of the Shining One.
  2689 | D:4      | Noticed Dowan
  2691 | D:4      | Noticed Duvessa
  2697 | D:4      | Killed Sigmund
  2702 | D:4      | Killed Dowan
  2702 | D:4      | Reached skill level 5 in Armour
  2704 | D:4      | Killed Duvessa
  2704 | D:4      | Reached skill level 7 in Axes
  3023 | D:4      | Reached skill level 5 in Dodging
  3023 | D:4      | Reached XP level 8. HP: 48/71 MP: 5/7
  3163 | D:5      | Entered Level 5 of the Dungeon
  3702 | D:5      | Reached skill level 8 in Axes
  3766 | D:6      | Noticed septik's ghost (novice MiGl)
  3776 | D:6      | Killed septik's ghost
  3776 | D:6      | Reached skill level 9 in Axes
  3785 | D:6      | Found a sacrificial altar of Ru.
  4001 | D:6      | Reached ***** piety under Trog
  4198 | D:7      | Reached XP level 9. HP: 15/79 MP: 2/8
  4547 | D:7      | Reached skill level 10 in Axes
  4606 | D:7      | Noticed Crazy Yiuf
  4612 | D:7      | Killed Crazy Yiuf
  4640 | D:7      | Found a staircase to the Ecumenical Temple.
  4667 | D:7      | Found a deep blue altar of Sif Muna.
  4938 | D:7      | Received a gift from Trog
  5185 | D:8      | Noticed Psyche
  5194 | D:8      | Killed Psyche
  5213 | D:8      | Noticed Duffy's ghost (novice MiFi)
  5230 | D:8      | HP: 6/123 [Duffy's ghost (4)]
  5237 | D:8      | HP: 3/123 [Duffy's ghost (5)]
  5237 | D:8      | Slain by Duffy's ghost

Vault maps used:
D:1:      erik_arrival_triangle_medium
D:2:      makhleb_heckhound_becter, ecumenical_altar_1, minmay_misc_feat_doors,
          kennysheep_generic_room_12
D:3:      first_bread, uniq_robin
D:4:      nicolae_tso_besieged_by_evil, serial_shops, nicolae_shop_crystal,
          uniq_duvessa, uniq_sigmund
D:6:      nicolae_ru_great_annihilating_truth
D:7:      wad_pebble_path, minmay_temple_entry_from_below_b, basic_altar,
          uniq_crazy_yiuf_cottage
D:8:      lair_0_dummy, grunt_ogre_cave, corexii_checkpoint_a,
          lemuel_oklob_altar, uniq_prince_ribbit1, uniq_psyche

Action                   |  1- 3 |  4- 6 |  7- 9 || total
-------------------------+-------+-------+-------++-------
Melee: Hand axe          |    77 |    48 |   283 ||   408
       War axe           |       |   103 |       ||   103
Invok: Berserk           |     1 |     1 |     5 ||     7
       Trog's Hand       |       |       |     1 ||     1
  Use: Scroll            |       |     1 |     4 ||     5
       Potion            |       |       |     1 ||     1
 Stab: Sleeping          |     1 |       |       ||     1
       Invisible         |       |       |     1 ||     1
       Paralysed         |       |       |     1 ||     1
  Eat: Chunk             |       |     8 |    11 ||    19
       Pizza             |       |       |     1 ||     1
